 Dungeon Crawl Stone Soup version 0.18.1-8-gdd0e5ea (webtiles) character file.

23 juanjsm the Insei (level 2, -1/18 HPs)
             Began as an Octopode Transmuter on June 7, 2016.
             Slain by a kobold
             ... wielding a +0 dagger of venom
              (6 damage)
             ... on level 1 of the Dungeon.
             The game lasted 00:02:17 (993 turns).

juanjsm the Insei (Octopode Transmuter)              Turns: 993, Time: 00:02:18

Health: -1/18      AC:  1    Str:  9    XL:     2   Next: 95%
Magic:  4/5        EV: 12    Int: 15    God:
Gold:   39         SH:  0    Dex: 12    Spells: 1 memorised, 4 levels left

rFire  . . .     SeeInvis .       - Unarmed
rCold  . . .     Gourm    .     (no shield)
rNeg   . . .     Faith    .     (helmet restricted)
rPois  .         Spirit   .     (no amulet)
rElec  .         Dismiss  .     (no ring)
rCorr  .         Reflect  .     (no ring)
SustAt .         Harm     .     (no ring)
MR     .....                    (no ring)
Stlth  ++........               (no ring)
                                (no ring)
                                (no ring)
                                (no ring)

@: lethally poisoned (-1 -> -8), appendage (expiring), not resistant to hostile
enchantments, unstealthy
A: almost no armour, amphibious, 8 rings, constrict 8, tentacle spike 3,
camouflage 1, gelatinous body 1
a: End Transformation


You were on level 1 of the Dungeon.
You were not hungry.
One of your tentacles had a temporary spike.
You visited 1 branch of the dungeon, and saw 4 of its levels.

You collected 39 gold pieces.

Inventory:

Missiles
 a - 64 arrows
 f - 19 sling bullets
Jewellery
 o - an uncursed ring of ice {unknown}
Scrolls
 d - a scroll of recharging {unknown}
 e - a scroll of teleportation {unknown}
 h - 2 scrolls of identify {unknown}
 l - a scroll of random uselessness {unknown}
Potions
 i - a potion of ambrosia {unknown}
 j - a potion of berserk rage {unknown}
 k - a potion of lignification {unknown}
 m - a potion of flight {unknown}
 p - a potion of degeneration {unknown}
Books
 b - a book of Changes

   Spells                             Type                      Level
   a - Beastly Appendage              Transmutation                1
   b - Sticks to Snakes               Transmutation                2
   c - Spider Form                    Transmutation/Poison         3
   d - Ice Form                       Ice/Transmutation            4
   e - Blade Hands                    Transmutation                5
Comestibles
 c - 3 bread rations
 n - a meat ration


   Skills:
 + Level 1.0 Fighting
 + Level 2.2 Dodging
 + Level 3.6 Unarmed Combat
 + Level 2.1 Spellcasting
 + Level 2.2 Transmutations


You had 4 spell levels left.
You knew the following spells:

 Your Spells              Type           Power        Failure   Level  Hunger
a - Beastly Appendage     Trmt           #.....       12%         1    #......


Dungeon Overview and Level Annotations

Branches:
Dungeon (4/15)
 Temple: D:4-7

Altars:


Innate Abilities, Weirdness & Mutations

You cannot wear most types of armour.
You are amphibious.
You can wear up to eight rings at the same time.
You can use your tentacles to constrict eight enemies at once.
Your skin changes colour to match your surroundings (Stealth).
Your rubbery body absorbs attacks (AC +1).
One of your tentacles bears a large vicious spike.


Message History

You are more poisoned.
Drink which item? (? for menu, Esc to quit)
It was a potion of curing.
You feel better.
You constrict the kobold, but do no damage.
The hobgoblin closely misses you. The giant newt bites you.
The kobold closely misses you.
You tentacle-slap the hobgoblin.
You kill the hobgoblin!
Your transformation is almost over.
You constrict the kobold, but do no damage.
The giant newt bites you.
The kobold hits you with a dagger of venom.
You are lethally poisoned!
You tentacle-slap the hobgoblin. Your grab misses the hobgoblin.
The hobgoblin is almost dead.
You constrict the kobold, but do no damage.
* * * LOW HITPOINT WARNING * * *
You feel sick. The hobgoblin barely misses you. The giant newt misses you.
The kobold hits you with a dagger of venom.
You die...

#.......#...# #.#
#.......#...# #.#
#.......#...######.#
+.......'..##.......
#.......#####.......
#...##### #.......
#?..# #.......
#..)####### ######..
+..@g...... #..
#..Kl...... #..
#.......... #..
#...#...... #..
#...#...... #.#
#...#...... #.#
#...#...... #.#
##### ..... #.# #.#


You could see a hobgoblin, a kobold and a giant newt.

Vanquished Creatures
  A dart slug (D:2)
  A giant gecko (D:1)
  2 giant cockroaches
  A goblin (D:1)
  3 hobgoblins (D:1)
  A ball python (D:1)
  3 bats (D:1)
  A giant newt (D:1)
  4 kobolds
  2 rats (D:1)
19 creatures vanquished.

Notes
Turn   | Place    | Note
--------------------------------------------------------------
     0 | D:1      | juanjsm the Octopode Transmuter began the quest for the Orb.
     0 | D:1      | Reached XP level 1. HP: 13/13 MP: 3/3
   495 | D:1      | Reached XP level 2. HP: 18/18 MP: 3/5
   993 | D:1      | Slain by a kobold

Action                   || total
-------------------------++-------
Melee: Unarmed           ||    45
       Kick              ||    12
       Constrict         ||    12
       Tentacles         ||     8
 Cast: Beastly Appendage ||     8
  Use: Potion            ||     1
 Stab: Sleeping          ||     1
Armor: Skin              ||     3
Dodge: Dodged            ||    23
